 Dungeon Crawl Stone Soup version 0.27-a0-1200-g94dc6ad4cf (webtiles) character file.

Game seed: 14939826849867047654

53 RepHenryClay the Cutter (level 3, 0/19 HPs)
             Began as a Spriggan Abyssal Knight on May 31, 2021.
             Was a Believer of Lugonu.
             Succumbed to an adder's poison
             ... on level 2 of the Dungeon.
             The game lasted 00:04:02 (2058 turns).

RepHenryClay the Cutter (Spriggan Abyssal Knight)   Turns: 2058, Time: 00:04:03

Health: 0/19       AC:  2    Str:  8    XL:     3   Next: 62%
Magic:  5/5        EV: 17    Int: 13    God:    Lugonu [**....]
Gold:   51         SH:  0    Dex: 15    Spells: 2/2 levels left

rFire    . . .     SeeInvis +   a - +0 dagger (venom)
rCold    . . .     Faith    .   (shield restricted)
rNeg     . . .     Spirit   .   f - +0 robe
rPois    .         Reflect  .   (helmet restricted)
rElec    .         Harm     .   g - scarf {repulsion}
rCorr    .         Rampage  .   (gloves unavailable)
Will     .....                  (boots unavailable)
Stlth    +.........             (no amulet)
HPRegen  0.06/turn              (no ring)
MPRegen  0.09/turn              (no ring)

@: lethally poisoned (0 -> -2), repel missiles, very quick
A: very small, no large weapons, unfitting armour, see invisible, speed 3
a: Renounce Religion, Depart the Abyss, Bend Space


You were on level 2 of the Dungeon.
You worshipped Lugonu.
Lugonu was pleased with you.
You visited 1 branch of the dungeon, and saw 2 of its levels.
You visited the Abyss 1 time.

You collected 51 gold pieces.

Inventory:

Hand Weapons
 a - a +0 dagger of venom (weapon)
 b - a +1 short sword
Armour
 f - a +0 robe (worn)
 g - a scarf of repulsion (worn)
Scrolls
 c - a scroll of blinking {unknown}
 d - 2 scrolls of identify {unknown}
 e - a scroll of fog {unknown}


   Skills:
 - Level 2.4 Fighting
 + Level 4.5 Short Blades
 - Level 3.2 Dodging
 - Level 1.7 Invocations


You had 2 spell levels left.
You didn't know any spells.
Your spell library was empty.

Dungeon Overview and Level Annotations

Branches:
Dungeon (2/15)

Altars:

Shops:
D:1 :


Innate Abilities, Weirdness & Mutations

You are very small and have problems with some larger weapons.
You are too small for most types of armour.
You have supernaturally acute eyesight. (SInv)
You cover ground extremely quickly. (Speed+++)


Message History

The adder is almost dead.
The adder bites you.
You are poisoned.
The adder poisons you!
Damage: -5%(-1hp) hp: 74%(14hp)
You closely miss the adder.
The adder is almost dead.
You feel sick. The adder barely misses you.
Damage: -5%(-1hp) hp: 69%(13hp)
You barely miss the adder.
The adder is almost dead.
You feel sick. The adder bites you.
You are lethally poisoned!
The adder poisons you!
Huge Dmg: -21%(-4hp) hp: 48%(9hp)
* * * LOW HITPOINT WARNING * * *
You feel sick.
Huge Dmg: -11%(-2hp) hp: 37%(7hp)
You aren't carrying any potions.
* * * LOW HITPOINT WARNING * * *
You feel sick.
Damage: -5%(-1hp) hp: 32%(6hp)
* * * LOW HITPOINT WARNING * * *
You feel sick.
Damage: -5%(-1hp) hp: 27%(5hp)
* * * LOW HITPOINT WARNING * * *
You feel sick.
You kill the adder!
Lugonu accepts your kill.
Damage: -5%(-1hp) hp: 22%(4hp)
* * * LOW HITPOINT WARNING * * *
You feel sick.
Huge Dmg: -6%(-1hp) hp: 16%(3hp)
* * * LOW HITPOINT WARNING * * *
You feel sick.
Huge Dmg: -5%(-1hp) hp: 11%(2hp)
* * * LOW HITPOINT WARNING * * *
You feel sick.
Huge Dmg: -5%(-1hp) hp: 6%(1hp)
You die...

.........############
....................# #######
........†##########.# .......
......S<#.#.......#.### #######
........#.....#.......#
........#.#.#.#.#.#.#.#########
#######.#.#.#.#.#.#.#..........
#.#.#.#.#.#.#.###########
#.#...#@#.#.#............
#.#####.#.#.............. #.#
#.#.#######....####
#.#.#####...##.##
#.#..........W..#
##+#######.......###
.........#..........
........[##.......<.
.........##.........


There were no monsters in sight!

Vanquished Creatures
  An adder (D:2)
  A worm (D:2)
  2 dart slugs (D:1)
  5 endoplasms (D:1)
  2 giant cockroaches
  2 hobgoblins (D:1)
  3 kobolds (D:1)
  3 quokkas
  3 ball pythons (D:1)
  2 bats (D:1)
  2 frilled lizards (D:1)
  6 goblins
  3 rats
35 creatures vanquished.

Notes
Turn   | Place    | Note
-------+----------+-------------------------------------------
     0 | Abyss:1  | RepHenryClay the Spriggan Abyssal Knight began the quest
                  | for the Orb.
     0 | Abyss:1  | Reached XP level 1. HP: 11/11 MP: 3/3
    31 | D:1      | Escaped the Abyss
   174 | D:1      | Found Hirid's Book Emporium.
   325 | D:1      | Reached skill level 3 in Short Blades
   413 | D:1      | Reached XP level 2. HP: 16/16 MP: 4/4
   579 | D:1      | You fall into a shaft and drop 1 floor!
   642 | D:1      | Reached ** piety under Lugonu
   643 | D:1      | Reached XP level 3. HP: 19/19 MP: 5/5
   680 | D:1      | Reached skill level 4 in Short Blades
  1838 | D:2      | Noticed a phantom
  2058 | D:2      | Succumbed to an adder's poison

Illustrated notes

Levels and vault maps discovered:
D:1:      wander_arrival_lonely_grave, layout_loops_ring, serial_shops, shop,
          minmay_misc_feat_tower, minmay_tetromino_o4
D:2:      layout_basic, uniq_terence

Skill      XL: |  1  2  3 |
---------------+----------+-----
Short Blades   | 3 4 |  4.5
Fighting       | |  2.4
Dodging        | |  3.2
Invocations    | |  1.7

Action                   || total
-------------------------++-------
Melee: Short sword       ||    36
       Dagger            ||    77
  Use: Potion            ||     2
 Stab: Sleeping          ||     1
Armor: Robe              ||     9
Dodge: Dodged            ||    59

Table legend: (Time is in decaauts)
 A = Elapsed time spent in this place.
 B = Non-inter-level travel time spent in this place.
 C = Inter-level travel time spent in this place.
 D = Time resting spent in this place.
 E = Time spent auto-exploring this place.
 F = Levels seen in this place.
 G = Mean time per level.
                   A        B        C        D        E       F      G
               +--------+--------+--------+--------+--------+-----+--------+
         Total |   1691 |   1672 |     19 |    663 |    756 |   3 |  563.7 |
       Dungeon |   1672 |   1653 |     19 |    663 |    756 |   2 |  836.0 |
         Abyss |     19 |     19 |      0 |      0 |      0 |   1 |   19.0 |
               +--------+--------+--------+--------+--------+-----+--------+

Top non-repeatable levels by time:
     D:1: 1505 daAuts
     D:2: 167 daAuts
 Abyss:1: 19 daAuts
